 Dungeon Crawl Stone Soup version 0.27-a0-1557-g57f10a385c (webtiles) character file.

Game seed: 2442780794623407845

57 kr4n3x the Digger (level 4, -6/24 HPs)
             Began as a Gargoyle Earth Elementalist on July 15, 2021.
             Mangled by a gnoll sergeant (10 damage)
             ... on level 4 of the Dungeon.
             The game lasted 00:06:30 (2519 turns).

kr4n3x the Digger (Gargoyle Earth Elementalist)     Turns: 2519, Time: 00:06:31

Health: -6/24      AC:  6    Str: 11    XL:     4   Next: 0%
Magic:  7/7        EV: 11    Int: 17    God:
Gold:   64         SH:  0    Dex: 10    Spells: 3/7 levels left

rFire    . . .     SeeInvis .   g - +0 short sword
rCold    . . .     Faith    .   (no shield)
rNeg     + . .     Spirit   .   b - +0 robe
rPois    ∞         Reflect  .   (no helmet)
rElec    +         Harm     .   e - +0 cloak
rCorr    .         Rampage  .   (no gloves)
Will     .....                  (no boots)
Stlth    ++........             (no amulet)
HPRegen  0.08/turn              (no ring)
MPRegen  0.10/turn              (no ring)

@: no status effects
A: sickness immunity, AC +3, negative energy resistance 1, electricity
resistance, torment resistance 1, petrification resistance
a: no special abilities


You were on level 4 of the Dungeon.
You visited 1 branch of the dungeon, and saw 6 of its levels.

You collected 64 gold pieces.


Innate Abilities, Weirdness & Mutations

You are immune to sickness and miasma.
Your stone body is resilient. (AC +3)
You are immune to poison.
You resist negative energy. (rN+)
You are resistant to electric shocks. (rElec)
You are resistant to unholy torment.
You are immune to petrification.


   Skills:
 - Level 1.5 Dodging
 - Level 2.1 Stealth
 - Level 2.0 Spellcasting
 + Level 1.4 Conjurations
 - Level 0.7 Transmutations
 + Level 5.4 Earth Magic


You had 3 spell levels left.
You knew the following spells:

 Your Spells              Type           Power      Damage    Failure   Level
w - Stone Arrow           Conj/Erth      26%        3d8       14%         3
z - Sandblast             Erth           40%        2d10      2%          1

Your spell library contained the following spells:

 Spells                   Type           Power      Damage    Failure   Level
 Passwall                 Tmut/Erth      10%        N/A       9%          2
 Magic Dart               Conj           24%        1d4       11%         1
 Searing Ray              Conj           12%        3d3       17%         2
 Petrify                  Tmut/Erth      12%        N/A       50%         4
 Fulminant Prism          Conj/Hex       2%         3d6       82%         4

Inventory:

Hand Weapons
 g - a +0 short sword (weapon)
Missiles
 c - 83 stones
Armour
 b - a +0 robe (worn)
 e - a +0 cloak (worn)
Scrolls
 a - a scroll of teleportation {unknown}
 h - a scroll of fog {unknown}
 j - a scroll of amnesia {unknown}
Potions
 d - a potion of ambrosia {unknown}
 f - 2 potions of attraction {unknown}
 i - a potion of lignification {unknown}
 k - 2 potions of curing {unknown}
 l - a potion of heal wounds {unknown}
 m - 2 potions of resistance {unknown}

Dungeon Overview and Level Annotations

Branches:
Dungeon (6/15)
 Temple: D:4-7

Altars:

Shops:
D:2 :

Annotations:
D:4 Blork the orc
D:6 exclusion: ogre

..........>...#
#.##.#.###.......
#.##.#....g....##
#....#..##...#...
#..#....# .....##
##..#.#.## ...###
#######........#
g.##
#..........#g..# .g.
#......@.###...#
#........##....# ..
#......Bggg....#....
#........###........
#........#..g.###...
#######.g#.####
#.....#
#..........o.
#....########


You could see a gnoll sergeant, 3 gnolls and a giant cockroach.


Message History

Found 2 metallic sapphire potions.
You see here a +0 battleaxe.
m - 2 metallic sapphire potions You open the door.
There is an open door here.
Found an escape hatch in the ceiling.
There is an escape hatch in the ceiling here.
A mysterious force pulls you upwards. The hatch slams shut behind you.
Found 8 gold pieces and 12 stones.
Found a stone staircase leading up.
Found a stone staircase leading up.
There is a stone staircase leading up here.
You climb upwards.
The gnoll shouts! x2; You hear a shout! x2
There is a stone staircase leading down here.
A gnoll comes into view. It is wielding a +0 halberd.
The gnoll barely misses you.
A gnoll comes into view. It is wielding a +0 spear.
A giant cockroach comes into view.
Blork the orc comes into view.
He is wielding a +0 halberd.
The giant cockroach bites you but does no damage.
The giant cockroach bites you but does no damage.
The giant cockroach bites you.
The gnoll sergeant hits you from afar with a +6 trident of venom!
* * * LOW HITPOINT WARNING * * *
The gnoll sergeant hits you from afar with a +6 trident of venom!
* * * LOW HITPOINT WARNING * * *
The giant cockroach closely misses you.
Unknown command.
The gnoll sergeant hits you from afar with a +6 trident of venom!
You die...

Skill      XL: |  1  2  3 |
---------------+----------+-----
Earth Magic    | 4 5 |  5.4
Conjurations   | 1 |  1.4
Dodging        | |  1.5
Stealth        | |  2.1
Spellcasting   | |  2.0
Transmutations | |  0.7

Action                   |  1- 3 |  4- 6 || total
-------------------------+-------+-------++-------
Melee: Club              |    21 |       ||    21
       Unarmed           |     2 |       ||     2
       Dagger            |    15 |       ||    15
       Short sword       |    43 |       ||    43
 Cast: Sandblast         |    40 |       ||    40
  Use: Scroll            |     1 |       ||     1
 Stab: Sleeping          |     1 |       ||     1
Armor: Robe              |    37 |     2 ||    39
Dodge: Dodged            |    66 |     2 ||    68

Levels and vault maps discovered:
D:1:      dpeg_arrival_yet_another_circle, layout_loops_corners,
          grunt_decor_fettered
D:2:      layout_basic, serial_shops, shop
D:3:      layout_loops_ring, gammafunk_temple_overflow_wave,
          ebering_ecumenical_altar_petrified
D:4:      minmay_razor_zed, layout_rooms,
          grunt_temple_overflow_forces_of_nature, uniq_grinder, uniq_edmund,
          uniq_blork_the_orc
D:5:      layout_loops_cross, st_stairs_2, uniq_crazy_yiuf_cottage
D:6:      layout_gridville, nicolae_ru_sacrificial_ziggurat,
          minmay_temple_entry_slanted, uniq_eustachio, uniq_pikel

Notes
Turn   | Place    | Note
-------+----------+-------------------------------------------
     0 | D:1      | kr4n3x the Gargoyle Earth Elementalist began the quest for
                  | the Orb.
     0 | D:1      | Reached XP level 1. HP: 10/10 MP: 3/3
   150 | D:1      | Reached skill level 4 in Earth Magic
   224 | D:1      | Reached XP level 2. HP: 11/15 MP: 5/5
   835 | D:1      | Reached skill level 5 in Earth Magic
   835 | D:1      | Reached XP level 3. HP: 18/19 MP: 3/6
   839 | D:1      | Learned a level 3 spell: Stone Arrow
  1477 | D:2      | Found Vumeu's Book Boutique.
  1779 | D:2      | Reached skill level 1 in Conjurations
  2263 | D:3      | You fall into a shaft and drop 3 floors!
  2277 | D:6      | Noticed an ogre
  2343 | D:6      | Reached XP level 4. HP: 16/24 MP: 3/7
  2487 | D:5      | Entered Level 5 of the Dungeon
  2493 | D:4      | Noticed a gnoll sergeant
  2511 | D:4      | Noticed Blork the orc
  2519 | D:4      | Mangled by a gnoll sergeant

Vanquished Creatures
  2 dart slugs (D:1)
  3 ball pythons
  5 endoplasms
  2 giant cockroaches (D:1)
  5 hobgoblins
  5 quokkas
  6 bats
  2 frilled lizards
  3 goblins
  8 kobolds
  2 rats (D:1)
43 creatures vanquished.

Vanquished Creatures (collateral kills)
  A white imp (D:6)
1 creature vanquished.

Grand Total: 44 creatures vanquished

Table legend: (Time is in decaauts)
 A = Elapsed time spent in this place.
 B = Non-inter-level travel time spent in this place.
 C = Inter-level travel time spent in this place.
 D = Time resting spent in this place.
 E = Time spent auto-exploring this place.
 F = Levels seen in this place.
 G = Mean time per level.
                   A        B        C        D        E       F      G
               +--------+--------+--------+--------+--------+-----+--------+
         Total |   2526 |   2469 |     57 |    166 |   1842 |   6 |  421.0 |
       Dungeon |   2526 |   2469 |     57 |    166 |   1842 |   6 |  421.0 |
               +--------+--------+--------+--------+--------+-----+--------+

Top non-repeatable levels by time:
     D:1: 1479 daAuts
     D:2: 735 daAuts
     D:6: 223 daAuts
     D:3: 56 daAuts
     D:4: 25 daAuts
     D:5: 5 daAuts

Table legend:
 A = Non-vault XP
 B = Vault XP
 C = Vault XP percentage of total XP
 D = Non-vault monster count
 E = Vault monster count
 F = Vault count percentage of total count
                 A         B        C        D         E       F
            +---------+---------+-------+---------+---------+-------
      Total |      82 |       0 |   0.0 |      44 |       0 |   0.0
            +---------+---------+-------+---------+---------+-------
        D:1 |      45 |       0 |   0.0 |      25 |       0 |   0.0
        D:2 |      30 |       0 |   0.0 |      18 |       0 |   0.0
        D:6 |       7 |       0 |   0.0 |       1 |       0 |   0.0
            +---------+---------+-------+---------+---------+-------
